Map: Complesso Moebius XX-1

Players

mrland - Winner!

  • Race: Protoss Protoss

Opa - Winner!

  • Race: Protoss Protoss

kungfo - Winner!

  • Race: Protoss Protoss

Pascualito - Winner!

  • Race: Terran Terran

Jhyrachy

  • Race: Zerg Zerg
  • League: Silver

shalakashka

  • Race: Protoss Protoss

MasterAdrian

  • Race: Protoss Protoss

Allosaurus

  • Race: Protoss Protoss

VOD

Have the link to the VOD?

Description

Time

  • Played on: March 30, 2016, 8:34 a.m.
  • Length: 18:24
Show
View Real Time Build Order
Export as new Build Order

mrland Protoss - Winner!

Build Orders:  

Get SALT Encoding   

  12  0:08  Probe (Chrono Boost)  
  13  0:18  Probe (Chrono Boost)  
  14  0:41  Probe (Chrono Boost)  
  15  1:04  Pylon  
  15  1:11  Assimilator  
  15  1:18  Assimilator  
  15  1:59  Gateway  
  15  2:00  Gateway  
  15  2:01  Gateway  
  15  2:05  Forge  
  15  2:19  Pylon x2  
  15  2:20  Pylon  
  15  2:21  Pylon  
  15  2:22  Pylon x2  
  15  3:13  Nexus  
  15  3:35  Cybernetics Core  
  15  3:39  Probe (Chrono Boost)  
  16  3:59  Assimilator  
  16  4:06  Assimilator  
  16  4:12  Pylon  
  16  4:19  Probe (Chrono Boost)  
  17  4:28  Warp Gate (Chrono Boost)  
  17  4:29  Probe (Chrono Boost)  
  17  4:30  Probe (Chrono Boost)  
  19  4:45  Probe  
  20  4:56  Probe  
  20  4:58  Pylon  
  21  5:06  Probe  
  24  5:21  Mothership Core (Chrono Boost)  
  24  6:00  Probe (Chrono Boost)  
  26  6:13  Probe (Chrono Boost)  
  26  6:25  Probe (Chrono Boost)  
  26  7:37  Stargate x2  
  26  7:39  Stargate  
  26  7:44  Probe (Chrono Boost)  
  27  7:55  Probe (Chrono Boost)  
  29  8:05  Probe (Chrono Boost)  
  29  8:16  Probe (Chrono Boost)  
  30  8:26  Fleet Beacon  
  30  8:36  Cybernetics Core  
  30  8:44  Forge  
  30  9:10  Carrier x2  
  30  9:11  Carrier  
  48  9:19  Probe (Chrono Boost)  
  49  9:25  Probe (Chrono Boost)  
  49  9:30  Probe (Chrono Boost)  
  46  9:40  Probe (Chrono Boost)  
  45  9:51  Probe (Chrono Boost)  
  46  9:56  Anion Pulse-Crystals  
  46  10:02  Probe (Chrono Boost)  
  47  10:22  Protoss Air Weapons Level 1  
  47  10:24  Protoss Air Armor Level 1  
  47  10:36  Carrier x3  
  65  10:58  Nexus  
  65  11:01  Assimilator  
  65  11:03  Assimilator  
  65  11:07  Pylon  
  65  11:15  Graviton Catapult  
  65  11:22  Protoss Shields Level 1  
  65  12:48  Carrier x3  
  89  15:22  Protoss Air Armor Level 2  
  75  16:57  Mothership Core (Chrono Boost)  
Show
View Real Time Build Order
Export as new Build Order

Opa Protoss - Winner!

Build Orders:  

Get SALT Encoding   

  12  0:02  Probe (Chrono Boost)  
  13  0:19  Pylon  
  13  0:33  Probe (Chrono Boost)  
  14  0:40  Forge  
  14  0:43  Probe (Chrono Boost)  
  15  0:51  Gateway  
  15  1:00  Probe (Chrono Boost)  
  15  1:02  Assimilator  
  16  1:10  Probe (Chrono Boost)  
  17  1:16  Assimilator  
  17  1:21  Probe (Chrono Boost)  
  18  1:31  Probe (Chrono Boost)  
  19  1:39  Photon Cannon  
  19  1:44  Cybernetics Core  
  19  1:49  Probe (Chrono Boost)  
  20  1:59  Probe (Chrono Boost)  
  21  2:10  Probe (Chrono Boost)  
  22  2:20  Probe (Chrono Boost)  
  23  2:28  Protoss Air Weapons Level 1 (Chrono Boost)  
  23  2:35  Stargate  
  23  2:58  Nexus  
  23  3:02  Assimilator  
  23  3:07  Assimilator  
  23  3:09  Pylon  
  23  3:25  Pylon  
  23  3:27  Probe (Chrono Boost)  
  24  3:38  Probe, Protoss Shields Level 1  
  25  3:50  Stargate  
  25  3:55  Probe  
  26  4:07  Probe  
  27  4:15  Fleet Beacon  
  27  4:19  Probe  
  28  4:26  Stargate  
  28  4:31  Probe  
  28  4:33  Pylon  
  28  4:34  Probe  
  30  4:43  Probe  
  30  4:45  Probe  
  32  4:54  Mothership Core  
  32  4:55  Probe  
  35  5:07  Probe  
  36  5:14  Probe  
  37  5:24  Probe  
  37  5:27  Carrier (Chrono Boost)  
  44  5:29  Pylon  
  44  5:44  Carrier (Chrono Boost)  
  50  5:52  Photon Cannon  
  50  5:53  Photon Cannon  
  50  5:58  Photon Cannon  
  50  6:03  Graviton Catapult  
  50  6:10  Probe  
  50  6:12  Probe  
  52  6:21  Probe  
  52  6:24  Probe, Photon Cannon  
  54  6:32  Photon Cannon  
  54  7:18  Nexus  
  54  7:22  Assimilator  
  54  7:24  Assimilator  
  66  7:30  Carrier x2 (Chrono Boost)  
  66  7:38  Pylon  
  66  7:39  Pylon  
  66  7:41  Pylon  
  66  7:48  Probe x2  
  68  7:57  Pylon  
  68  8:00  Probe x2  
  70  8:12  Probe x2  
  78  8:21  Pylon  
  78  8:24  Probe x2  
  80  8:32  Probe  
  81  8:36  Probe x2  
  83  8:42  Probe  
  84  8:48  Probe  
  84  8:49  Cybernetics Core, Probe  
  84  8:51  Protoss Air Weapons Level 2  
  84  8:53  Probe  
  87  9:00  Probe  
  87  9:01  Probe  
  89  9:03  Probe  
  96  9:10  Carrier (Chrono Boost)  
  96  9:13  Probe x2  
  96  9:14  Probe  
  99  9:25  Probe x3  
  99  9:26  Protoss Air Armor Level 1  
  99  9:28  Anion Pulse-Crystals  
  102  9:35  Probe  
  102  9:37  Probe x2  
  105  9:49  Probe  
  106  9:58  Photon Cannon x2  
  106  10:00  Photon Cannon  
  106  10:02  Pylon  
  106  10:05  Phoenix (Chrono Boost), Pylon  
  110  10:08  Phoenix (Chrono Boost)  
  110  10:21  Stargate  
  110  10:23  Phoenix (Chrono Boost), Stargate  
  110  10:26  Stargate  
  110  10:27  Phoenix (Chrono Boost)  
  114  10:33  Phoenix (Chrono Boost)  
  108  10:54  Photon Cannon  
  108  10:56  Photon Cannon  
  108  10:59  Photon Cannon x2  
  108  11:01  Protoss Air Weapons Level 3  
  108  11:02  Photon Cannon  
  108  11:04  Carrier (Chrono Boost)  
  108  11:06  Carrier (Chrono Boost)  
  108  11:09  Carrier (Chrono Boost)  
  126  11:14  Protoss Air Armor Level 2  
  126  11:15  Mothership Core (Chrono Boost)  
  128  11:40  Pylon  
  128  11:42  Pylon  
  128  11:43  Twilight Council  
  128  11:52  Carrier x2  
  140  12:00  Carrier  
  152  12:22  Protoss Shields Level 2 (Chrono Boost)  
  152  12:30  Pylon  
  152  12:32  Pylon  
  152  12:34  Pylon  
  152  12:36  Pylon  
  152  12:38  Pylon  
  152  12:48  Carrier  
  158  12:58  Tempest x2  
  166  13:15  Robotics Facility  
  166  13:21  Tempest x2  
  174  13:33  Pylon  
  174  13:34  Pylon  
  174  13:57  Nexus  
  174  14:00  Pylon  
  174  14:03  Pylon  
  170  14:45  Carrier x3  
  188  15:37  Carrier x2  
Show
View Real Time Build Order
Export as new Build Order

kungfo Protoss - Winner!

Build Orders: Phoenix Opening 

Get SALT Encoding   

  12  0:04  Probe (Chrono Boost)  
  13  0:15  Probe (Chrono Boost)  
  14  0:25  Probe (Chrono Boost)  
  14  0:26  Pylon  
  15  0:44  Probe (Chrono Boost)  
  15  0:46  Gateway  
  16  0:56  Assimilator  
  16  1:00  Probe (Chrono Boost)  
  16  1:01  Assimilator  
  17  1:10  Probe (Chrono Boost)  
  17  1:11  Pylon  
  18  1:21  Probe (Chrono Boost)  
  19  1:31  Probe (Chrono Boost)  
  20  1:34  Cybernetics Core  
  20  1:42  Probe (Chrono Boost)  
  20  1:45  Forge  
  21  1:52  Probe (Chrono Boost)  
  22  2:03  Probe (Chrono Boost)  
  22  2:07  Pylon  
  23  2:13  Stargate  
  23  2:20  Photon Cannon  
  23  2:26  Mothership Core (Chrono Boost)  
  25  2:38  Photon Cannon  
  25  2:57  Phoenix  
  27  3:12  Photon Cannon  
  27  3:21  Robotics Facility  
  27  3:22  Phoenix  
  29  3:33  Protoss Air Weapons Level 1  
  29  3:48  Photon Cannon  
  29  3:51  Phoenix  
  31  4:09  Nexus  
  31  4:16  Phoenix  
  33  4:38  Assimilator  
  33  4:41  Phoenix  
  35  4:46  Pylon  
  35  4:52  Probe (Chrono Boost)  
  36  4:57  Observer  
  37  5:02  Probe (Chrono Boost)  
  38  5:12  Photon Cannon  
  38  5:13  Probe (Chrono Boost)  
  39  5:18  Observer  
  40  5:23  Probe (Chrono Boost)  
  40  5:26  Phoenix  
  43  5:34  Probe (Chrono Boost)  
  44  5:39  Photon Cannon  
  44  5:44  Probe (Chrono Boost)  
  44  5:46  Assimilator  
  45  5:51  Phoenix  
  45  5:55  Probe (Chrono Boost)  
  48  6:01  Pylon  
  48  6:05  Probe (Chrono Boost)  
  49  6:16  Phoenix  
  51  6:22  Fleet Beacon  
  51  6:33  Photon Cannon  
  51  6:41  Photon Cannon  
  51  6:48  Phoenix  
  51  6:52  Probe (Chrono Boost)  
  54  7:02  Protoss Air Armor Level 1 (Chrono Boost), Probe (Chrono Boost)  
  55  7:13  Probe (Chrono Boost), Protoss Shields Level 1  
  56  7:18  Phoenix  
  58  7:23  Probe (Chrono Boost)  
  58  7:27  Anion Pulse-Crystals (Chrono Boost)  
  59  7:32  Probe  
  59  7:33  Pylon  
  60  7:44  Observer  
  61  7:46  Phoenix  
  63  7:59  Pylon  
  63  8:11  Phoenix, Twilight Council  
  65  8:27  Stargate, Observer  
  66  8:36  Phoenix  
  68  8:56  Protoss Air Weapons Level 2 (Chrono Boost)  
  68  9:01  Phoenix  
  70  9:06  Pylon  
  70  9:11  Pylon  
  70  9:26  Phoenix x2  
  73  9:50  Oracle  
  73  9:51  Oracle  
  79  10:26  Phoenix x2  
  83  10:51  Phoenix x2  
  87  11:01  Observer  
  88  11:16  Phoenix  
  88  11:17  Pylon  
  88  11:18  Protoss Shields Level 2  
  90  11:23  Observer  
  90  11:25  Protoss Air Weapons Level 3 (Chrono Boost)  
  91  11:26  Pylon  
  91  11:41  Phoenix  
  91  11:42  Phoenix  
  95  11:58  Observer  
  96  12:19  Observer  
  66  16:37  Phoenix x2  
  70  17:02  Phoenix x2  
  70  17:27  Phoenix x2  
  70  17:52  Phoenix x2  
Show
View Real Time Build Order
Export as new Build Order

Pascualito Terran - Winner!

Build Orders:  

Get SALT Encoding   

  12  0:18  SCV  
  13  0:30  SCV  
  13  0:31  Supply Depot  
  14  0:45  Engineering Bay  
  14  0:57  Barracks  
  14  1:04  SCV  
  15  1:10  Refinery  
  15  1:16  SCV  
  15  1:17  Refinery  
  16  1:28  SCV  
  17  1:40  SCV  
  18  1:52  SCV  
  19  2:04  SCV  
  20  2:16  SCV  
  20  2:18  Command Center  
  21  2:28  SCV  
  22  3:02  SCV  
  23  3:21  Supply Depot  
  23  3:28  Supply Depot  
  23  3:30  SCV  
  23  3:32  Supply Depot  
  23  3:33  Refinery  
  24  3:42  SCV  
  24  3:43  Supply Depot  
  25  3:50  Supply Depot  
  25  3:54  Orbital Command, SCV  
  25  3:55  Supply Depot  
  26  4:06  SCV  
  27  4:18  SCV  
  27  4:19  Factory  
  28  4:30  SCV, Factory  
  29  4:38  Factory  
  29  4:42  SCV  
  29  4:44  Factory  
  30  4:54  SCV  
  30  4:55  SCV  
  32  5:07  SCV x2  
  33  5:10  Factory Tech Lab  
  34  5:19  SCV  
  35  5:21  Factory Tech Lab  
  35  5:32  Factory Tech Lab  
  35  5:40  Armory  
  35  5:43  Armory  
  35  5:48  Orbital Command  
  35  6:00  Refinery  
  35  6:17  SCV  
  36  6:29  SCV  
  37  6:33  Terran Vehicle Weapons Level 1  
  37  6:37  Terran Vehicle And Ship Armor Level 1  
  37  6:40  Factory Tech Lab  
  37  6:41  SCV  
  37  6:46  Widow Mine x3  
  44  6:53  SCV  
  45  7:04  Thor  
  45  7:05  SCV  
  52  7:14  Widow Mine x3  
  58  7:43  Widow Mine x3  
  64  7:47  Thor  
  70  8:11  Thor  
  70  8:12  Thor  
  82  8:19  Thor  
  88  8:30  Thor  
  94  8:54  Terran Vehicle Weapons Level 2, Thor  
  100  9:29  Command Center  
  100  10:00  Thor  
  100  10:03  Thor  
  112  10:12  Thor x2  
  124  10:42  Refinery  
  124  10:43  Thor  
  124  10:45  Thor  
  136  10:55  Thor, SCV  
  143  11:05  Terran Vehicle And Ship Armor Level 2  
  143  11:07  SCV  
  144  11:18  Refinery  
  144  11:19  SCV  
  145  11:31  SCV  
  146  11:43  SCV  
  146  11:45  Terran Vehicle Weapons Level 3  
  147  11:55  SCV  
  147  11:57  Supply Depot  
  147  11:59  Supply Depot  
  148  12:18  Thor  
  148  12:21  Thor, Supply Depot  
  160  12:23  Supply Depot  
  160  12:43  Thor  
  162  13:25  Supply Depot  
  162  13:29  Supply Depot  
  162  13:30  Terran Vehicle And Ship Armor Level 3  
  162  13:33  Thor  
  162  13:34  Thor x2  
  180  13:46  Thor  
  176  14:16  Thor  
  86  14:54  Thor x2  
  86  14:55  Thor  
  86  14:59  Thor  
  110  15:22  Orbital Command  
  110  15:34  Supply Depot  
  110  15:38  Supply Depot  
  110  15:50  Thor x3  
  74  17:13  Thor x4  
  77  17:55  Refinery  
  77  18:02  Refinery  
Show
View Real Time Build Order
Export as new Build Order

Jhyrachy Zerg 

Build Orders: Hatch First 

Get SALT Encoding   

  12  0:02  Drone  
  13  0:08  Drone  
  14  0:18  Overlord  
  14  0:38  Drone x3  
  17  0:56  Drone  
  18  0:59  Hatchery  
  18  1:01  Extractor  
  18  1:03  Drone  
  17  1:21  Spawning Pool  
  16  1:27  Drone x2  
  18  1:44  Drone  
  19  1:59  Hatchery  
  18  2:01  Drone  
  18  2:02  Drone  
  20  2:13  Queen  
  22  2:20  Evolution Chamber  
  21  2:23  Evolution Chamber  
  21  2:25  Drone  
  21  2:32  Drone  
  21  2:33  Drone  
  23  2:42  Drone  
  23  2:43  Drone x2  
  26  2:54  Lair  
  26  3:00  Drone  
  26  3:04  Drone  
  28  3:06  Overlord  
  28  3:18  Queen  
  30  3:29  Drone x6  
  30  3:31  Drone  
  37  3:38  Drone  
  37  3:39  Drone  
  39  3:57  Queen  
  41  4:09  Overlord x3  
  41  4:27  Queen  
  41  4:29  Zerg Ground Armor Level 1, Zerg Missile Weapons Level 1  
  43  4:40  Drone  
  43  4:41  Extractor, Drone  
  43  4:42  Drone x2  
  43  4:43  Overlord x3  
  46  4:46  Queen, Pneumatized Carapace  
  48  5:02  Queen  
  50  5:22  Queen  
  52  5:29  Queen  
  54  5:38  Queen  
  56  5:57  Queen  
  58  6:04  Queen  
  60  6:14  Queen  
  62  6:32  Zerg Missile Weapons Level 2, Zerg Ground Armor Level 2  
  62  6:47  Extractor  
  61  6:59  Extractor  
  60  7:02  Hatchery  
  59  7:41  Infestation Pit  
  58  7:47  Queen x3  
  64  7:51  Overlord x3  
  64  7:52  Overlord x5  
  64  8:00  Drone x6  
  64  8:01  Drone x7  
  64  8:02  Drone x3  
  80  8:23  Queen x3  
  86  8:35  Queen  
  86  8:41  Drone x3  
  91  8:55  Overseer  
  91  8:58  Queen x2  
  91  8:59  Queen  
  97  9:11  Queen  
  99  9:34  Queen x2  
  99  9:35  Extractor  
  104  9:39  Extractor  
  103  9:46  Queen  
  103  9:52  Hive  
  103  10:10  Queen x2  
  107  10:22  Queen  
  109  10:39  Hydralisk Den  
  108  10:45  Queen  
  108  10:46  Queen  
  112  10:55  Overlord x4  
  112  10:56  Overlord x2  
  112  10:58  Queen  
  114  11:21  Queen x2  
  118  11:30  Queen  
  120  11:33  Zerg Missile Weapons Level 3  
  120  11:34  Zerg Ground Armor Level 3, Queen  
  120  11:36  Muscular Augments  
  122  11:57  Queen  
  126  12:03  Hatchery  
  126  12:05  Queen  
  126  12:08  Extractor  
  126  12:10  Queen  
  126  12:15  Overseer x4  
  128  12:16  Overseer x2  
  128  12:33  Queen  
  130  12:51  Queen  
  130  13:08  Hydralisk x9  
  130  13:09  Hydralisk x20  
  130  13:10  Hydralisk x6  
  186  13:59  Hydralisk x7  
  162  15:12  Overlord x6  
  162  15:13  Overlord x4  
  162  15:31  Hydralisk  
  162  15:32  Hydralisk x13  
  162  15:33  Hydralisk x5  
Show
View Real Time Build Order
Export as new Build Order

shalakashka Protoss 

Build Orders:  

Get SALT Encoding   

  12  0:02  Probe (Chrono Boost)  
  13  0:13  Probe (Chrono Boost)  
  14  0:21  Pylon  
  14  0:23  Probe (Chrono Boost)  
  15  0:34  Assimilator  
  15  0:44  Probe (Chrono Boost)  
  15  0:47  Gateway  
  16  0:55  Probe (Chrono Boost)  
  17  1:05  Probe (Chrono Boost)  
  17  1:07  Assimilator  
  18  1:15  Gateway  
  18  1:16  Probe (Chrono Boost)  
  19  1:26  Probe (Chrono Boost)  
  20  1:37  Probe (Chrono Boost)  
  21  1:42  Cybernetics Core  
  21  1:58  Pylon  
  21  2:05  Probe (Chrono Boost)  
  22  2:15  Probe (Chrono Boost)  
  23  2:21  Nexus  
  23  2:25  Warp Gate (Chrono Boost)  
  23  2:31  Sentry  
  23  2:32  Sentry  
  28  2:40  Mothership Core  
  29  2:52  Pylon  
  29  3:03  Sentry  
  31  3:10  Sentry  
  33  3:15  Pylon  
  33  3:16  Pylon  
  33  3:17  Pylon  
  33  3:42  Sentry x2  
  37  3:52  Gateway  
  37  3:55  Gateway  
  37  3:57  Gateway  
  37  4:16  Probe  
  37  4:17  Probe  
  39  4:24  Sentry  
  39  4:25  Sentry  
  39  4:26  Probe  
  39  4:29  Probe  
  45  4:37  Probe  
  45  4:42  Probe  
  47  4:48  Probe  
  47  4:49  Pylon  
  48  4:54  Probe  
  48  4:58  Probe  
  49  5:01  Forge, Gateway  
  49  5:03  Gateway  
  49  5:06  Probe, Gateway  
  51  5:13  Sentry x3  
  57  5:31  Robotics Facility  
  57  5:40  Assimilator  
  57  5:44  Assimilator, Pylon  
  57  5:48  Pylon  
  57  5:51  Pylon  
  57  6:05  Nexus  
  57  6:14  Sentry  
  57  6:15  Sentry  
  57  6:16  Sentry  
  63  6:23  Observer  
  64  6:31  Assimilator  
  64  6:33  Assimilator  
  64  6:39  Pylon  
  64  6:52  Gateway  
  64  6:53  Gateway  
  64  6:55  Gateway  
  64  6:58  Gateway  
  64  7:00  Observer  
  65  7:08  Sentry x3  
  65  7:09  Sentry  
  73  7:36  Gateway  
  73  7:38  Gateway  
  73  7:41  Gateway  
  73  7:44  Sentry x2  
  73  7:45  Sentry x2  
  73  7:49  Probe x2  
  73  7:50  Probe  
  84  7:59  Probe x2  
  84  8:02  Probe  
  87  8:20  Sentry x4  
  87  8:26  Observer  
  96  8:53  Gateway  
  96  8:56  Probe, Pylon  
  96  8:58  Pylon  
  96  9:00  Probe  
  98  9:06  Probe  
  99  9:11  Probe  
  100  9:17  Probe  
  100  9:21  Probe  
  102  9:27  Probe  
  103  9:32  Probe  
  103  9:36  Sentry x4  
  103  9:37  Sentry x6  
  103  9:38  Sentry, Probe  
  126  9:43  Probe  
  128  10:19  Gateway x2  
  128  10:21  Gateway  
  128  10:26  Pylon  
  128  10:28  Pylon  
  128  10:37  Sentry x6  
  140  11:04  Zealot x5  
  144  11:05  Zealot x3  
  146  11:31  Sentry x3  
  146  11:32  Sentry x2  
  156  11:48  Pylon  
  156  11:50  Pylon  
  156  11:51  Pylon  
  156  11:54  Pylon  
  156  11:55  Pylon x2  
  156  11:56  Pylon  
  156  11:58  Pylon  
  156  11:59  Pylon  
  156  12:01  Pylon  
  156  12:06  Pylon  
  156  12:12  Sentry x5  
  156  12:13  Sentry x6  
  156  12:14  Sentry  
  178  12:47  Observer  
  179  13:09  Observer  
  174  13:20  Sentry x5  
  174  13:21  Sentry  
  186  13:30  Observer  
  187  13:51  Observer  
  162  14:13  Observer  
  155  14:31  Sentry x6  
  161  14:34  Observer  
  168  14:56  Observer  
Show
View Real Time Build Order
Export as new Build Order

MasterAdrian Protoss 

Build Orders: Nexus First 

Get SALT Encoding   

  12  0:03  Probe (Chrono Boost)  
  14  0:14  Probe (Chrono Boost)  
  14  0:24  Probe (Chrono Boost)  
  15  0:47  Nexus  
  15  1:20  Nexus  
  15  1:29  Pylon  
  15  1:35  Pylon  
  15  1:50  Forge  
  15  2:08  Probe (Chrono Boost)  
  16  2:11  Probe (Chrono Boost)  
  17  2:17  Assimilator  
  17  2:18  Probe (Chrono Boost)  
  17  2:22  Probe (Chrono Boost)  
  19  2:26  Assimilator  
  19  2:29  Probe (Chrono Boost)  
  20  2:32  Probe (Chrono Boost)  
  21  2:39  Probe (Chrono Boost)  
  21  2:43  Probe (Chrono Boost)  
  23  2:50  Probe (Chrono Boost)  
  24  3:00  Probe (Chrono Boost), Gateway  
  25  3:11  Probe (Chrono Boost)  
  27  3:13  Probe (Chrono Boost)  
  27  3:19  Probe (Chrono Boost)  
  28  3:21  Probe (Chrono Boost)  
  28  3:23  Probe (Chrono Boost)  
  30  3:29  Probe (Chrono Boost)  
  30  3:32  Probe (Chrono Boost)  
  30  3:34  Probe (Chrono Boost)  
  33  3:40  Probe (Chrono Boost)  
  34  3:43  Probe (Chrono Boost)  
  34  3:44  Probe (Chrono Boost)  
  36  3:50  Probe (Chrono Boost)  
  36  3:53  Probe (Chrono Boost)  
  36  3:55  Probe (Chrono Boost)  
  39  3:58  Pylon  
  39  4:00  Pylon  
  39  4:04  Pylon  
  39  4:05  Probe (Chrono Boost)  
  39  4:06  Cybernetics Core  
  39  4:08  Probe (Chrono Boost)  
  41  4:10  Probe (Chrono Boost)  
  41  4:15  Probe (Chrono Boost)  
  43  4:19  Probe (Chrono Boost)  
  43  4:21  Probe (Chrono Boost)  
  43  4:23  Assimilator  
  45  4:26  Probe (Chrono Boost)  
  45  4:27  Assimilator  
  45  4:29  Probe (Chrono Boost)  
  47  4:31  Probe (Chrono Boost)  
  47  4:32  Assimilator  
  47  4:35  Assimilator  
  47  4:36  Probe (Chrono Boost)  
  49  4:40  Cybernetics Core, Probe (Chrono Boost)  
  49  4:42  Probe (Chrono Boost)  
  51  4:47  Probe (Chrono Boost)  
  51  4:50  Probe (Chrono Boost)  
  51  4:52  Stargate x2, Probe (Chrono Boost)  
  54  4:54  Stargate  
  54  4:58  Probe (Chrono Boost)  
  55  5:11  Probe (Chrono Boost)  
  56  5:20  Probe (Chrono Boost)  
  58  5:21  Probe (Chrono Boost)  
  58  5:29  Probe (Chrono Boost)  
  58  5:31  Probe (Chrono Boost)  
  58  5:32  Probe (Chrono Boost)  
  58  5:35  Stargate  
  61  5:37  Stargate  
  61  5:40  Probe (Chrono Boost)  
  61  5:41  Probe (Chrono Boost)  
  61  5:42  Stargate, Probe (Chrono Boost)  
  64  5:52  Probe (Chrono Boost)  
  64  5:53  Probe (Chrono Boost)  
  66  5:58  Void Ray x3  
  66  6:02  Probe (Chrono Boost)  
  79  6:09  Protoss Air Weapons Level 1 (Chrono Boost)  
  79  6:28  Pylon  
  79  6:29  Pylon  
  79  6:31  Pylon  
  79  6:32  Pylon  
  79  6:33  Pylon  
  79  6:35  Pylon x2  
  79  6:36  Pylon  
  79  6:37  Protoss Shields Level 1  
  79  6:38  Pylon  
  79  6:39  Pylon  
  79  6:40  Pylon  
  79  6:42  Protoss Air Armor Level 1 (Chrono Boost), Pylon x2  
  79  6:43  Pylon  
  79  6:56  Fleet Beacon  
  79  7:02  Twilight Council  
  79  7:18  Void Ray x3  
  79  7:19  Void Ray  
  95  7:28  Pylon  
  95  7:54  Void Ray  
  95  7:55  Void Ray  
  103  8:01  Void Ray x2  
  111  8:09  Protoss Air Weapons Level 2 (Chrono Boost)  
  111  8:15  Protoss Shields Level 2  
  111  8:34  Protoss Air Armor Level 2 (Chrono Boost)  
  111  9:09  Void Ray x3  
  123  9:30  Void Ray x3  
  135  10:12  Protoss Shields Level 3  
  135  10:30  Protoss Air Weapons Level 3 (Chrono Boost)  
  135  10:33  Protoss Air Armor Level 3 (Chrono Boost)  
  135  10:35  Void Ray  
  139  10:57  Void Ray x2  
  139  10:58  Void Ray  
  151  11:37  Void Ray  
  151  11:38  Void Ray x2  
  151  11:39  Void Ray  
  167  11:53  Void Ray x2  
  171  12:36  Void Ray x2  
  171  12:37  Void Ray x2  
  179  12:38  Void Ray  
  191  13:03  Void Ray  
  195  13:19  Void Ray x2  
  187  13:28  Void Ray x2  
  195  13:41  Void Ray  
  195  14:03  Void Ray  
  75  14:36  Void Ray  
  75  14:37  Void Ray x4  
  90  14:46  Void Ray  
  97  15:54  Phoenix  
  97  15:55  Phoenix x5  
  96  16:19  Phoenix  
  96  16:20  Phoenix x5  
  108  16:44  Phoenix  
  108  16:45  Phoenix x4  
Show
View Real Time Build Order
Export as new Build Order

Allosaurus Protoss 

Build Orders:  

Get SALT Encoding   

  12  0:02  Probe (Chrono Boost)  
  13  0:13  Probe (Chrono Boost)  
  14  0:23  Probe (Chrono Boost)  
  14  0:25  Pylon  
  15  0:38  Pylon  
  15  0:45  Forge  
  15  0:48  Probe (Chrono Boost)  
  16  1:07  Gateway  
  16  1:13  Probe (Chrono Boost)  
  17  1:18  Assimilator  
  17  1:22  Assimilator  
  17  1:30  Photon Cannon  
  17  1:37  Probe (Chrono Boost)  
  18  1:47  Probe (Chrono Boost)  
  19  1:54  Pylon  
  19  1:58  Probe (Chrono Boost)  
  21  2:08  Probe (Chrono Boost)  
  21  2:15  Cybernetics Core  
  21  2:19  Photon Cannon  
  21  2:22  Photon Cannon  
  21  2:26  Probe (Chrono Boost)  
  22  2:58  Nexus  
  22  3:04  Pylon  
  22  3:18  Stargate  
  22  3:42  Photon Cannon  
  22  3:45  Photon Cannon  
  22  3:50  Probe (Chrono Boost)  
  23  3:56  Pylon  
  23  4:04  Pylon  
  23  4:11  Pylon  
  23  4:17  Photon Cannon  
  23  4:22  Photon Cannon  
  23  4:27  Photon Cannon  
  23  4:37  Photon Cannon  
  23  5:01  Nexus  
  23  5:04  Probe (Chrono Boost)  
  24  5:19  Protoss Air Weapons Level 1 (Chrono Boost)  
  24  5:20  Probe  
  24  5:27  Probe  
  26  5:30  Probe  
  27  5:39  Probe  
  27  5:41  Probe  
  29  5:49  Assimilator  
  29  5:51  Probe  
  29  5:53  Assimilator  
  30  6:02  Probe, Void Ray  
  35  6:12  Probe  
  35  6:13  Probe  
  37  6:23  Probe  
  37  6:25  Probe  
  39  6:26  Twilight Council  
  39  6:29  Pylon  
  39  6:33  Probe  
  39  6:37  Probe  
  41  6:41  Probe  
  41  6:44  Probe  
  43  6:52  Probe, Void Ray  
  48  6:55  Probe  
  48  7:00  Protoss Air Armor Level 1 (Chrono Boost)  
  49  7:02  Probe  
  50  7:13  Probe  
  51  7:16  Fleet Beacon  
  51  7:20  Stargate  
  51  7:22  Stargate  
  51  7:23  Probe  
  51  7:25  Stargate  
  52  7:38  Robotics Facility  
  52  7:40  Probe  
  53  7:48  Assimilator  
  53  7:50  Assimilator  
  53  7:51  Probe  
  53  7:56  Void Ray  
  58  8:01  Probe  
  58  8:05  Void Ray  
  63  8:12  Probe  
  63  8:14  Void Ray  
  68  8:20  Void Ray  
  68  8:22  Probe  
  68  8:26  Observer  
  74  8:39  Protoss Air Weapons Level 2 (Chrono Boost)  
  74  8:47  Observer  
  75  8:59  Void Ray  
  75  9:01  Void Ray  
  75  9:02  Void Ray  
  87  9:09  Observer  
  88  9:30  Observer  
  89  9:51  Observer  
  90  10:06  Carrier x3  
  108  10:34  Carrier  
  77  10:56  Protoss Air Armor Level 2 (Chrono Boost)  
  77  11:32  Void Ray x3  
  89  11:51  Anion Pulse-Crystals  
  89  12:00  Void Ray  
  92  12:29  Tempest  
  96  12:30  Tempest  
  96  12:32  Tempest  
  104  12:43  Phoenix  
  106  12:55  Protoss Air Weapons Level 3 (Chrono Boost), Graviton Catapult  
  106  13:08  Phoenix  
  108  13:26  Pylon  
  108  13:28  Pylon  
  108  13:29  Pylon  
  108  13:31  Pylon  
  108  13:32  Pylon  
  108  13:34  Pylon  
  108  13:36  Pylon  
  108  13:37  Pylon  
  108  13:38  Pylon  
  108  13:39  Pylon  
  108  13:41  Pylon  
  108  13:44  Phoenix x2, Void Ray  
  108  13:46  Phoenix  
  118  14:03  Robotics Bay  
Tags
 
Add a new tag
Caveats
  • Supply blocks, unpowered buildings, or Contaminate may cause inaccurate times.
  • Supply counts are checked every 10 seconds.